 Dungeon Crawl Stone Soup version 0.24.0-13-gcf9b3192b9 (webtiles) character file.

Game seed: 10333746125452614839, levelgen mode: deterministic

55 Descartes the Chopper (level 3, -2/18 HPs)
             Began as a Vine Stalker Wanderer on Nov 7, 2019.
             Was an Initiate of Vehumet.
             Slain by an ogre
             ... wielding a +0 giant spiked club
              (20 damage)
             ... on level 2 of the Dungeon.
             The game lasted 00:03:27 (1926 turns).

Descartes the Chopper (Vine Stalker Wanderer)       Turns: 1926, Time: 00:03:28

Health: -2/18      AC:  3    Str: 13    XL:     3   Next: 93%
Magic:  0/6        EV: 11    Int: 16    God:    Vehumet [......]
Gold:   62         SH:  0    Dex: 11    Spells: 3/5 levels left

rFire    . . .     SeeInvis .   n - +0 whip (elec)
rCold    . . .     Gourm    .   (no shield)
rNeg     . . .     Faith    .   c - +0 robe
rPois    .         Spirit   +   (no helmet)
rElec    .         Reflect  .   (no cloak)
rCorr    .         Harm     .   (no gloves)
MR       .....                  k - +0 pair of boots
Stlth    ++........             (no amulet)
HPRegen  0.06/turn              (no ring)
MPRegen  0.10/turn              (no ring)

@: no status effects
A: fangs 2, magic shield, antimagic bite, no potion heal 3, rot immunity
a: Renounce Religion


You were on level 2 of the Dungeon.
You worshipped Vehumet.
Vehumet was noncommittal.
You were not hungry.

You visited 1 branch of the dungeon, and saw 2 of its levels.

You collected 62 gold pieces.

Inventory:

Hand Weapons
 a - a +2 hand axe
 n - a +0 whip of electrocution (weapon)
Missiles
 h - 23 bolts
 l - 4 stones (quivered)
Armour
 c - a +0 robe (worn)
 k - a +0 pair of boots (worn)
Scrolls
 e - a scroll of magic mapping {unknown}
 f - 3 scrolls of teleportation {unknown}
Potions
 b - a potion of curing {unknown}
 g - a potion of heal wounds {unknown}
 i - a potion of brilliance {unknown}
 j - a potion of lignification {unknown}
Comestibles
 d - a ration
 m - a chunk of flesh


   Skills:
 + Level 1.3 Fighting
 + Level 2.1 Axes
 + Level 1.9 Armour
 + Level 0.5 Dodging
 + Level 1.8 Stealth
   Level 1.0 Shields
 * Level 1.3 Unarmed Combat
 + Level 1.5 Spellcasting
   Level 2.0 Charms
 + Level 0.5 Transmutations


You had 3 spell levels left.
You knew the following spells:

 Your Spells              Type           Power        Failure   Level  Hunger
a - Sticks to Snakes      Tmut           #.......     26%         2    ###....

Your spell library contained the following spells:

 Spells                   Type           Power        Failure   Level  Hunger
 Passwall                 Tmut/Erth      #.......     30%         2    ###....


Dungeon Overview and Level Annotations

Branches:
Dungeon (2/15)

Altars:
Vehumet


Innate Abilities, Weirdness & Mutations

You have extremely sharp teeth.
When hurt, damage is shared between your health and your magic reserves.
Your bite disrupts and absorbs the magic of your enemies.
Potions cannot restore your health.
You are immune to rotting.


Message History

You butcher the rat corpse.
m - a chunk of flesh You see here a rat skeleton.
You see here a glowing whip.
n - a glowing whip You hear the crackle of electricity.
n - a +0 whip of electrocution (weapon)
You now have 62 gold pieces (gained 14).
An ogre comes into view. It is wielding a +0 giant spiked club.
Found 25 arrows.
The ogre shouts!
You hit the ogre but do no damage. Lightning courses through the ogre!!
Your bite misses the ogre.
The ogre is severely wounded.
The ogre closely misses you.
You closely miss the ogre. You bite the ogre. You drain its power.
The ogre is severely wounded.
The ogre hits you with a +0 giant spiked club!!
Ouch! That really hurt!
You die...

#........
#........ ..##
#.....(.. ....
#........ ####
#........
#........ .
#O....... ..####
##### #@.......
#...#.
#...#####.#.....#
#...
#...##....#.#####
#... #...##.###..#
#...
#...#..###..######
#...
#................#
##.☼
#...#####.######.#
##. #...# #.÷# #.#
## #...# #..#
#.####


You could see an ogre.

Vanquished Creatures
  2 oozes (D:1)
  2 worms (D:2)
  A dart slug (D:2)
  6 bats
  2 giant cockroaches (D:1)
  3 goblins (D:1)
  5 hobgoblins
  2 jackals (D:2)
  A quokka (D:2)
  2 frilled lizards (D:2)
  4 kobolds
  8 rats
38 creatures vanquished.

Notes
Turn   | Place    | Note
-------+----------+-------------------------------------------
     0 | D:1      | Descartes the Vine Stalker Wanderer began the quest for the
                  | Orb.
     0 | D:1      | Descartes set off with the following items: a +2 hand axe,
                  | a +0 robe, a ration; and the following spells available to
                  | memorise: Passwall, Sticks to Snakes
     0 | D:1      | Reached XP level 1. HP: 10/10 MP: 3/3
     6 | D:1      | Noticed an anaconda
     6 | D:1      | Noticed a hound
     7 | D:1      | Noticed an iguana
     7 | D:1      | Noticed a wyvern
   223 | D:1      | Reached XP level 2. HP: 14/14 MP: 4/4
   238 | D:1      | Learned a level 2 spell: Sticks to Snakes
   593 | D:1      | Reached skill level 1 in Unarmed Combat
   714 | D:1      | Reached XP level 3. HP: 18/18 MP: 6/6
   950 | D:2      | Found a radiant altar of Vehumet.
  1034 | D:2      | Became a worshipper of Vehumet
  1922 | D:2      | Noticed an ogre
  1926 | D:2      | Slain by an ogre

Levels and vault maps discovered:
D:1:      onia_arrival_zoo_common, layout_loops_cross
D:2:      layout_rooms, fiery_altar_vehumet, uniq_crazy_yiuf_cottage

Skill      XL: |  1  2 |
---------------+-------+-----
Unarmed Combat | 1 |  1.3
Axes           | 2 |  2.1
Fighting       | |  1.3
Armour         | |  1.9
Dodging        | |  0.5
Stealth        | |  1.8
Shields        | |  1.0
Spellcasting   | |  1.5
Charms         | |  2.0
Transmutations | |  0.5

Action                   || total
-------------------------++-------
Melee: Hand axe          ||   102
       Bite              ||    18
       Whip              ||     2
 Stab: Sleeping          ||     3
  Eat: Chunk             ||     3
Armor: Robe              ||    30
Dodge: Dodged            ||    78
